 Dungeon Crawl Stone Soup version 0.31-a0-175-g9f7f995f2b (webtiles) character file.

Game seed: 4013418330475904848

1505 qw the Skirmisher (level 8, -6/74 HPs)
             Began as a Naga Hunter on June 17, 2023.
             Mangled by Duvessa
             ... wielding a +0 short sword
              (7 damage)
             ... on level 6 of the Dungeon.
             The game lasted 00:02:22 (4931 turns).

qw the Skirmisher (Naga Hunter)                     Turns: 4931, Time: 00:02:23

Health: -6/74      AC: 17    Str: 14    XL:     8   Next: 82%
Magic:  8/8        EV:  8    Int:  9    God:
Gold:   116        SH:  0    Dex: 17    Spells: 7/7 levels left

rFire   . . .        n - +0 orcbow
rCold   . . .        (shield currently unavailable)
rNeg    . . .        c - +0 leather armour
rPois   +            h - +1 helmet
rElec   .            g - +1 cloak
rCorr   .            b - +3 pair of gloves of the Original Sin {Will+ SInv}
SInv    +            d - +0 barding
Will    ++...        j - amulet of faith
Stlth   ++           (no ring)
HPRegen 0.32/turn    (no ring)
MPRegen 0.11/turn

%: faith
@: about to teleport, short of breath, very slow
A: AC +2, large, see invisible, deformed body, poison resistance, slowness 2,
spit poison 1, naga tail 1
a: Spit Poison


You were on level 6 of the Dungeon.
You visited 1 branch of the dungeon, and saw 6 of its levels.
You also visited: Sewer.

You collected 181 gold pieces.
You spent 65 gold pieces at shops.


Innate Abilities, Weirdness & Mutations

Your serpentine skin is tough. (AC +2)
You have supernaturally acute eyesight. (SInv)
Armour fits poorly on your strangely shaped body.
Your system is resistant to poisons. (rPois)
You cover ground very slowly.
You can spit poison.
You have a snake-like lower body.


   Skills:
 - Level 5.0 Fighting
 + Level 8.8 Ranged Weapons
 - Level 2.6 Armour
 - Level 2.1 Dodging
 - Level 1.5 Stealth


You had 7 spell levels left.
You didn't know any spells.
Your spell library was empty.

Inventory:

Hand Weapons
 n - a +0 orcbow (weapon)
Armour
 b - the +3 pair of gloves of the Original Sin (worn) {Will+ SInv}
   (You found it on level 3 of the Dungeon)

   SInv:      It lets you see invisible.
   Will:      It increases your willpower.
 c - a +0 leather armour (worn)
 d - a +0 barding (worn)
 g - a +1 cloak (worn)
 h - a +1 helmet (worn)
 p - a +1 pair of gloves
Jewellery
 j - an amulet of faith (around neck)
Scrolls
 a - a scroll of identify
 m - 4 scrolls of teleportation
Potions
 e - 2 potions of haste
 f - 4 potions of curing
 i - a potion of enlightenment
 k - a potion of might
 l - a potion of resistance {unknown}
 o - a potion of cancellation {unknown}

Dungeon Overview and Level Annotations

Branches:
Dungeon (6/15)              Sewer (visited)
 Temple: D:4-7

Altars:
Ashenzari
Cheibriados
Elyvilon
Gozag
Nemelex Xobeh
Trog
Uskayaw
Zin

Shops:
D:2 ?

Annotations:
D:5 1 runed translucent door, Crazy Yiuf
D:6 Duvessa


Message History

Duvessa hits you with a +0 short sword.
You shoot an arrow. The arrow closely misses Dowan.
You have got your breath back.
Duvessa zaps a wand.
The puff of flame hits you! Dowan gestures at you while chanting.
The puff of frost hits you. Duvessa hits you with a +0 short sword!
4924 ||| INVOKING Spit Poison.
Aiming: Spit Poison (1% risk of failure)
Press: ? - help, Shift-Dir - straight line, f/p - Dowan The splash of poison hits Dowan!
Dowan is poisoned.
You kill Dowan!
Duvessa screams, "No!
How DARE you!"
Duvessa goes berserk!
Duvessa hits you but does no damage.
You shoot an arrow. The arrow barely misses Duvessa.
Duvessa hits you with a +0 short sword! Duvessa hits you but does no damage.
You shoot an arrow. The arrow barely misses Duvessa.
Duvessa looks more healthy.
Duvessa hits you but does no damage. Duvessa hits you with a +0 short sword!
You shoot an arrow. The arrow closely misses Duvessa.
Duvessa closely misses you.
You shoot an arrow.
The arrow hits Duvessa but does no damage.
Duvessa is severely wounded.
Duvessa hits you but does no damage. Duvessa hits you with a +0 short sword!
You shoot an arrow. The arrow hits Duvessa.
Duvessa is almost dead.
You have got your breath back.
Duvessa hits you with a +0 short sword. x2
4930 ||| READING 5 scrolls of teleportation.
As you read the scroll of teleportation, it crumbles to dust.
You feel strangely unstable. Duvessa hits you with a +0 short sword!
4931 ||| INVOKING Spit Poison.
Aiming: Spit Poison (1% risk of failure)
Press: ? - help, Shift-Dir - straight line, f/p - Duvessa The splash of poison hits Duvessa.
Duvessa is almost dead.
Duvessa hits you with a +0 short sword! x2
You die...

##### ###$....#
###@).¤.~..
###..e7..¤¤.7
##...¤....7...
##..7...7.....7
#.........~.~.
##.##.~.~.......
#...#.....7...7.
#.#..#.7....¤..
#..#...¤..7..¤


You could see Duvessa (berserk, fast).

Vanquished Creatures
  Grinder (D:4)
  A black bear (D:5)
  An ogre (D:4)
  A sky beast (D:4)
  A centaur (D:6)
  A phantom (D:5)
  A scorpion (D:5)
  Dowan (D:6)
  A howler monkey (D:3)
  3 hounds
  An orc priest (D:4)
  A gnoll bouda (D:3)
  A jelly (D:5)
  5 orc wizards
  2 iguanas
  8 gnolls
  11 adders
  9 river rats
  A white imp (D:3)
  A worm (D:3)
  3 dart slugs
  14 orcs
  5 bats
  7 endoplasms
  5 giant cockroaches
  10 goblins
  13 hobgoblins
  12 jackals
  4 kobolds
  3 quokkas
  5 ball pythons
  11 frilled lizards
  14 rats
158 creatures vanquished.

Notes
Turn   | Place    | Note
-------+----------+-------------------------------------------
     0 | D:1      | qw the Naga Hunter began the quest for the Orb.
     0 | D:1      | Reached XP level 1. HP: 19/19 MP: 1/1
     0 | D:1      | 0 ||| qw: Version: 0.3-a-2-g5ab2908
     0 | D:1      | 0 ||| qw: Game counter: 302
     0 | D:1      | 0 ||| qw: Always use a shield: true
     0 | D:1      | 0 ||| qw: God list: Okawaru
     0 | D:1      | 0 ||| qw: Allow faded altars: false
     0 | D:1      | 0 ||| qw: Do Orc after D:15 true
     0 | D:1      | 0 ||| qw: Do second Lair branch before Depths: true
     0 | D:1      | 0 ||| qw: Lair rune preference: random
     0 | D:1      | 0 ||| qw: Plans: Normal
     0 | D:1      | 0 ||| PLANNING D:1-11
    50 | D:1      | 50 ||| INVOKING Spit Poison.
    53 | D:1      | 53 ||| INVOKING Spit Poison.
    56 | D:1      | 56 ||| INVOKING Spit Poison.
    60 | D:1      | Reached skill level 4 in Ranged Weapons
    60 | D:1      | Reached XP level 2. HP: 11/26 MP: 2/2
    62 | D:1      | 62 ||| FLEEEEING.
    66 | D:1      | 66 ||| FLEEEEING.
    67 | D:1      | 67 ||| FLEEEEING.
    72 | D:1      | 72 ||| FLEEEEING.
    74 | D:1      | 74 ||| FLEEEEING.
   132 | D:1      | 132 ||| INVOKING Spit Poison.
   158 | D:1      | 158 ||| INVOKING Spit Poison.
   165 | D:1      | 165 ||| INVOKING Spit Poison.
   197 | D:1      | 197 ||| INVOKING Spit Poison.
   200 | D:1      | 200 ||| INVOKING Spit Poison.
   227 | D:1      | 227 ||| INVOKING Spit Poison.
   233 | D:1      | 233 ||| INVOKING Spit Poison.
   275 | D:1      | 275 ||| INVOKING Spit Poison.
   277 | D:1      | Reached XP level 3. HP: 32/32 MP: 3/3
   294 | D:1      | 294 ||| INVOKING Spit Poison.
   297 | D:1      | 297 ||| INVOKING Spit Poison.
   315 | D:1      | 315 ||| INVOKING Spit Poison.
   328 | D:1      | 328 ||| INVOKING Spit Poison.
   384 | D:1      | 384 ||| INVOKING Spit Poison.
   497 | D:1      | 497 ||| INVOKING Spit Poison.
   519 | D:1      | 519 ||| INVOKING Spit Poison.
   525 | D:1      | 525 ||| INVOKING Spit Poison.
   528 | D:1      | 528 ||| INVOKING Spit Poison.
   554 | D:1      | 554 ||| INVOKING Spit Poison.
   624 | D:1      | 624 ||| UPGRADING to +0 barding.
   629 | D:1      | 629 ||| READING 3 scrolls labelled GODWAM YDUEP.
   630 | D:1      | 630 ||| READING scroll labelled XUMUHA SEVVUREU.
   631 | D:1      | 631 ||| DRINKING 2 emerald potions.
   632 | D:1      | 632 ||| READING 2 scrolls of identify.
   632 | D:1      | 632 ||| IDENTIFYING sapphire potion
   633 | D:1      | 633 ||| DROPPING scroll of butterflies.
   664 | D:2      | 664 ||| INVOKING Spit Poison.
   668 | D:2      | 668 ||| INVOKING Spit Poison.
   675 | D:2      | 675 ||| INVOKING Spit Poison.
   683 | D:2      | 683 ||| INVOKING Spit Poison.
   738 | D:2      | 738 ||| INVOKING Spit Poison.
   776 | D:2      | 776 ||| INVOKING Spit Poison.
   780 | D:2      | Reached skill level 5 in Ranged Weapons
   814 | D:2      | Found Cogud's Magic Scroll Shop.
   827 | D:2      | Reached XP level 4. HP: 39/39 MP: 4/4
   830 | D:2      | 830 ||| SHOPLISTING scroll of acquirement (676 gold, have
                  | 74).
   830 | D:2      | 830 ||| BUYING scroll of identify (26 gold).
   830 | D:2      | Bought a scroll of identify for 26 gold pieces
   830 | D:2      | 830 ||| BUYING scroll of teleportation (39 gold).
   830 | D:2      | Bought a scroll of teleportation for 39 gold pieces
   835 | D:2      | 835 ||| INVOKING Spit Poison.
   841 | D:2      | 841 ||| INVOKING Spit Poison.
   847 | D:2      | 847 ||| INVOKING Spit Poison.
   866 | D:2      | 866 ||| INVOKING Spit Poison.
   874 | D:2      | 874 ||| INVOKING Spit Poison.
   879 | D:2      | 879 ||| INVOKING Spit Poison.
   891 | D:2      | 891 ||| INVOKING Spit Poison.
   896 | D:2      | 896 ||| INVOKING Spit Poison.
   897 | D:2      | Reached skill level 3 in Fighting
  1136 | D:2      | 1136 ||| UPGRADING to amulet of faith.
  1141 | D:2      | 1141 ||| READING scroll labelled XUREACVUIS.
  1142 | D:2      | 1142 ||| READING scroll labelled LAOTIOCK DOARR.
  1143 | D:2      | 1143 ||| READING scroll labelled TISY RITACEJ.
  1244 | D:2      | 1244 ||| READING 4 scrolls of identify.
  1244 | D:2      | 1244 ||| IDENTIFYING blue potion
  1245 | D:2      | 1245 ||| READING 3 scrolls of identify.
  1245 | D:2      | 1245 ||| IDENTIFYING smoky yellow potion
  1246 | D:2      | 1246 ||| READING 2 scrolls of identify.
  1246 | D:2      | 1246 ||| IDENTIFYING silvery potion
  1247 | D:2      | 1247 ||| DROPPING potion of invisibility.
  1248 | D:2      | 1248 ||| DROPPING potion of lignification.
  1249 | D:2      | 1249 ||| DROPPING potion of degeneration.
  1291 | D:3      | 1291 ||| PLANNING SEWER
  1326 | D:3      | 1326 ||| INVOKING Spit Poison.
  1377 | D:3      | 1377 ||| INVOKING Spit Poison.
  1381 | D:3      | 1381 ||| INVOKING Spit Poison.
  1383 | D:3      | Reached skill level 1 in Armour
  1383 | D:3      | Reached XP level 5. HP: 49/49 MP: 5/5
  1384 | D:3      | 1384 ||| DRINKING 3 potions of curing.
  1384 | D:3      | 1384 ||| (to cure confusion)
  1386 | D:3      | 1386 ||| INVOKING Spit Poison.
  1454 | D:3      | 1454 ||| INVOKING Spit Poison.
  1459 | D:3      | 1459 ||| INVOKING Spit Poison.
  1462 | D:3      | 1462 ||| INVOKING Spit Poison.
  1508 | D:3      | 1508 ||| INVOKING Spit Poison.
  1512 | D:3      | 1512 ||| INVOKING Spit Poison.
  1516 | D:3      | 1516 ||| INVOKING Spit Poison.
  1517 | D:3      | 1517 ||| INVOKING Spit Poison.
  1520 | D:3      | 1520 ||| INVOKING Spit Poison.
  1523 | D:3      | 1523 ||| INVOKING Spit Poison.
  1524 | D:3      | Reached XP level 6. HP: 56/56 MP: 6/6
  1535 | D:3      | 1535 ||| INVOKING Spit Poison.
  1541 | D:3      | 1541 ||| INVOKING Spit Poison.
  1564 | D:3      | Found a bloodstained altar of Trog.
  1575 | D:3      | 1575 ||| INVOKING Spit Poison.
  1580 | D:3      | 1580 ||| INVOKING Spit Poison.
  1592 | D:3      | 1592 ||| INVOKING Spit Poison.
  1619 | D:3      | 1619 ||| INVOKING Spit Poison.
  1624 | D:3      | Identified the +3 pair of gloves of the Original Sin {Will+
                  | SInv}
  1650 | D:3      | 1650 ||| INVOKING Spit Poison.
  1652 | D:3      | Reached skill level 6 in Ranged Weapons
  1656 | D:3      | 1656 ||| INVOKING Spit Poison.
  1719 | D:3      | 1719 ||| INVOKING Spit Poison.
  1722 | D:3      | 1722 ||| INVOKING Spit Poison.
  1748 | D:3      | 1748 ||| INVOKING Spit Poison.
  1777 | D:3      | Found a glowing drain.
  1778 | D:3      | 1778 ||| UPGRADING to +3 pair of gloves of the Original Sin
                  | {Will+ SInv}.
  1783 | D:3      | 1783 ||| UPGRADING to +1 cloak.
  1788 | D:3      | 1788 ||| READING 2 scrolls of identify.
  1788 | D:3      | 1788 ||| IDENTIFYING cyan potion
  1789 | D:3      | 1789 ||| DROPPING potion of attraction.
  1794 | Sewer    | Entered a sewer
  1804 | Sewer    | 1804 ||| INVOKING Spit Poison.
  1810 | Sewer    | 1810 ||| INVOKING Spit Poison.
  1847 | Sewer    | 1847 ||| INVOKING Spit Poison.
  1854 | Sewer    | 1854 ||| INVOKING Spit Poison.
  1861 | Sewer    | 1861 ||| INVOKING Spit Poison.
  1912 | Sewer    | 1912 ||| INVOKING Spit Poison.
  1939 | Sewer    | 1939 ||| INVOKING Spit Poison.
  1946 | Sewer    | 1946 ||| INVOKING Spit Poison.
  1950 | Sewer    | 1950 ||| INVOKING Spit Poison.
  1961 | Sewer    | 1961 ||| INVOKING Spit Poison.
  2126 | Sewer    | 2126 ||| INVOKING Spit Poison.
  2143 | Sewer    | 2143 ||| READING scroll labelled KONIEM LOORIVI.
  2144 | Sewer    | 2144 ||| READING scroll labelled MACKO FICYINONG.
  2145 | Sewer    | 2145 ||| READING 2 scrolls of identify.
  2145 | Sewer    | 2145 ||| IDENTIFYING amethyst potion
  2146 | Sewer    | 2146 ||| DROPPING potion of magic.
  2183 | D:3      | 2183 ||| PLANNING D:1-11
  2344 | D:3      | Found an opulent altar of Gozag.
  2344 | D:3      | Found a sparkling altar of Nemelex Xobeh.
  2346 | D:3      | 2346 ||| INVOKING Spit Poison.
  2406 | D:3      | 2406 ||| INVOKING Spit Poison.
  2417 | D:3      | Found a broken altar of Ashenzari.
  2462 | D:3      | 2462 ||| UPGRADING to +1 helmet.
  2467 | D:3      | 2467 ||| READING 2 scrolls of identify.
  2467 | D:3      | 2467 ||| IDENTIFYING lumpy black potion
  2468 | D:3      | 2468 ||| DROPPING potion of brilliance.
  2490 | D:4      | 2490 ||| INVOKING Spit Poison.
  2493 | D:4      | 2493 ||| INVOKING Spit Poison.
  2496 | D:4      | 2496 ||| INVOKING Spit Poison.
  2500 | D:4      | 2500 ||| INVOKING Spit Poison.
  2501 | D:4      | 2501 ||| STAIRDANCE
  2547 | D:4      | 2547 ||| INVOKING Spit Poison.
  2551 | D:4      | 2551 ||| STAIRDANCE
  2553 | D:3      | 2553 ||| INVOKING Spit Poison.
  2559 | D:3      | 2559 ||| INVOKING Spit Poison.
  2564 | D:3      | 2564 ||| INVOKING Spit Poison.
  2568 | D:3      | 2568 ||| INVOKING Spit Poison.
  2695 | D:4      | 2695 ||| INVOKING Spit Poison.
  2699 | D:4      | 2699 ||| INVOKING Spit Poison.
  2705 | D:4      | 2705 ||| STAIRDANCE
  2707 | D:3      | 2707 ||| INVOKING Spit Poison.
  2846 | D:4      | 2846 ||| INVOKING Spit Poison.
  2851 | D:4      | 2851 ||| INVOKING Spit Poison.
  2852 | D:4      | 2852 ||| STAIRDANCE
  2854 | D:3      | 2854 ||| INVOKING Spit Poison.
  2857 | D:3      | 2857 ||| INVOKING Spit Poison.
  2860 | D:3      | 2860 ||| INVOKING Spit Poison.
  2861 | D:3      | Reached XP level 7. HP: 27/64 MP: 7/7
  2984 | D:4      | 2984 ||| INVOKING Spit Poison.
  3003 | D:4      | Noticed Grinder
  3004 | D:4      | 3004 ||| Stepping ~*~*~tactically~*~*~ (outnumbered).
  3006 | D:4      | 3006 ||| INVOKING Spit Poison.
  3009 | D:4      | 3009 ||| Stepping ~*~*~tactically~*~*~ (outnumbered).
  3011 | D:4      | 3011 ||| Stepping ~*~*~tactically~*~*~ (outnumbered).
  3012 | D:4      | 3012 ||| INVOKING Spit Poison.
  3017 | D:4      | 3017 ||| INVOKING Spit Poison.
  3024 | D:4      | 3024 ||| INVOKING Spit Poison.
  3030 | D:4      | 3030 ||| INVOKING Spit Poison.
  3050 | D:4      | Killed Grinder
  3051 | D:4      | Reached skill level 7 in Ranged Weapons
  3130 | D:4      | 3130 ||| INVOKING Spit Poison.
  3133 | D:4      | 3133 ||| INVOKING Spit Poison.
  3136 | D:4      | 3136 ||| INVOKING Spit Poison.
  3166 | D:4      | Found a white marble altar of Elyvilon.
  3186 | D:4      | 3186 ||| INVOKING Spit Poison.
  3193 | D:4      | 3193 ||| INVOKING Spit Poison.
  3197 | D:4      | 3197 ||| INVOKING Spit Poison.
  3199 | D:4      | Reached XP level 8. HP: 65/72 MP: 8/8
  3267 | D:4      | 3267 ||| INVOKING Spit Poison.
  3270 | D:4      | 3270 ||| INVOKING Spit Poison.
  3299 | D:4      | Found a glowing silver altar of Zin.
  3359 | D:4      | Found a hide-covered altar of Uskayaw.
  3371 | D:4      | Found a snail-covered altar of Cheibriados.
  3567 | D:4      | 3567 ||| INVOKING Spit Poison.
  3570 | D:4      | 3570 ||| INVOKING Spit Poison.
  3621 | D:4      | 3621 ||| INVOKING Spit Poison.
  3686 | D:4      | 3686 ||| READING 2 scrolls of identify.
  3686 | D:4      | 3686 ||| IDENTIFYING fuming ruby potion
  3714 | D:5      | Entered Level 5 of the Dungeon
  3763 | D:5      | 3763 ||| INVOKING Spit Poison.
  3769 | D:5      | 3769 ||| INVOKING Spit Poison.
  3771 | D:5      | Reached skill level 8 in Ranged Weapons
  3834 | D:5      | 3834 ||| INVOKING Spit Poison.
  3838 | D:5      | 3838 ||| INVOKING Spit Poison.
  3843 | D:5      | 3843 ||| INVOKING Spit Poison.
  3846 | D:5      | 3846 ||| INVOKING Spit Poison.
  3850 | D:5      | 3850 ||| INVOKING Spit Poison.
  3857 | D:5      | 3857 ||| INVOKING Spit Poison.
  3916 | D:5      | 3916 ||| INVOKING Spit Poison.
  3921 | D:5      | 3921 ||| INVOKING Spit Poison.
  4007 | D:5      | 4007 ||| INVOKING Spit Poison.
  4012 | D:5      | 4012 ||| INVOKING Spit Poison.
  4016 | D:5      | 4016 ||| Stepping ~*~*~tactically~*~*~ (outnumbered).
  4017 | D:5      | 4017 ||| INVOKING Spit Poison.
  4024 | D:5      | 4024 ||| INVOKING Spit Poison.
  4030 | D:5      | 4030 ||| INVOKING Spit Poison.
  4033 | D:5      | 4033 ||| INVOKING Spit Poison.
  4040 | D:5      | 4040 ||| INVOKING Spit Poison.
  4176 | D:5      | Found a runed translucent door.
  4176 | D:5      | Identified the +10 hammer of Theory {speed, Int+2 SInv
                  | Stlth+}
  4177 | D:5      | Noticed Crazy Yiuf
  4214 | D:5      | 4214 ||| INVOKING Spit Poison.
  4228 | D:5      | 4228 ||| Stepping ~*~*~tactically~*~*~ (outnumbered).
  4230 | D:5      | 4230 ||| INVOKING Spit Poison.
  4231 | D:5      | 4231 ||| Stepping ~*~*~tactically~*~*~ (outnumbered).
  4233 | D:5      | 4233 ||| INVOKING Spit Poison.
  4237 | D:5      | 4237 ||| INVOKING Spit Poison.
  4244 | D:5      | 4244 ||| INVOKING Spit Poison.
  4250 | D:5      | 4250 ||| INVOKING Spit Poison.
  4536 | D:5      | 4536 ||| READING 2 scrolls of identify.
  4536 | D:5      | 4536 ||| IDENTIFYING glowing orange potion
  4593 | D:6      | 4593 ||| INVOKING Spit Poison.
  4597 | D:6      | 4597 ||| INVOKING Spit Poison.
  4642 | D:6      | 4642 ||| FLEEEEING.
  4643 | D:6      | 4643 ||| FLEEEEING.
  4645 | D:6      | 4645 ||| STAIRDANCE
  4822 | D:6      | 4822 ||| INVOKING Spit Poison.
  4830 | D:6      | 4830 ||| SWAPPING to +0 orcbow.
  4831 | D:6      | 4831 ||| DROPPING +1 shortbow.
  4874 | D:6      | 4874 ||| INVOKING Spit Poison.
  4911 | D:6      | Noticed Dowan
  4913 | D:6      | Noticed Duvessa
  4915 | D:6      | 4915 ||| INVOKING Spit Poison.
  4917 | D:6      | 4917 ||| Stepping ~*~*~tactically~*~*~ (outnumbered).
  4921 | D:6      | 4921 ||| INVOKING Spit Poison.
  4924 | D:6      | 4924 ||| INVOKING Spit Poison.
  4924 | D:6      | Killed Dowan
  4929 | D:6      | HP: 17/74 [Duvessa/+0 short sword (3)]
  4930 | D:6      | 4930 ||| READING 5 scrolls of teleportation.
  4931 | D:6      | 4931 ||| INVOKING Spit Poison.
  4931 | D:6      | HP: 1/74 [Duvessa/+0 short sword (9)]
  4931 | D:6      | Mangled by Duvessa

Levels and vault maps discovered:
D:1:      saegor_arrival_miasma, layout_basic, minmay_tree_intersection
D:2:      kennysheep_big_flooded_room, layout_rooms, serial_shops, shop
D:3:      layout_loops_ring, grunt_temple_overflow_opulence,
          mainiacjoe_overflow_small_starburst, mainiacjoe_overflow_alcove_1,
          lightli_sewer_entry_pipes, serial_park_tiny_1,
          minmay_stone_trees_small
D:4:      layout_basic, nicolae_overflow_quartered_altars, uniq_grinder
D:5:      layout_loops_ring, uniq_crazy_yiuf_cottage
D:6:      layout_gridville, minmay_temple_entry_grid, minmay_misc_feat_five,
          nicolae_kite_square_tiling_tiny, uniq_edmund, uniq_duvessa

Skill      XL: |  1  2  3  4  5  6  7  8 |
---------------+-------------------------+-----
Ranged Weapons | 4 5 6 7 8 |  8.8
Fighting       | 3 4 5 |  5.0
Armour         | 1 2 |  2.6
Dodging        | 2 |  2.1
Stealth        | |  1.5

Action                     |  1- 3 |  4- 6 |  7- 9 || total
---------------------------+-------+-------+-------++-------
   Fire: Shortbow          |    65 |   181 |   181 ||   427
         Orcbow            |       |       |    18 ||    18
Ability: Spit Poison       |    27 |    61 |    48 ||   136
    Use: Scroll            |     3 |    11 |     3 ||    17
         Potion            |     1 |     1 |       ||     2
 Armour: Leather armour    |     6 |   104 |   107 ||   217
  Dodge: Dodged            |    11 |    69 |    58 ||   138

Table legend:
 A = Non-vault XP
 B = Vault XP
 C = Vault XP percentage of total XP
 D = Non-vault monster count
 E = Vault monster count
 F = Vault count percentage of total count
                 A         B        C        D         E       F
            +---------+---------+-------+---------+---------+-------
      Total |    1619 |     532 |  24.7 |     125 |      33 |  20.9
            +---------+---------+-------+---------+---------+-------
        D:1 |      49 |       0 |   0.0 |      28 |       0 |   0.0
        D:2 |      86 |      16 |  15.7 |      22 |       2 |   8.3
        D:3 |     280 |     102 |  26.7 |      26 |      11 |  29.7
        D:4 |     487 |     262 |  35.0 |      23 |       1 |   4.2
        D:5 |     586 |       0 |   0.0 |      23 |       0 |   0.0
        D:6 |     131 |      72 |  35.5 |       3 |       1 |  25.0
      Sewer |       0 |      80 | 100.0 |       0 |      18 | 100.0
            +---------+---------+-------+---------+---------+-------
